Map: Thunderbird LE

Players

Mez - Winner!

  • Race: Terran Terran
  • League: Master
  • Spawn Location: 5:00

Hanku

  • Race: Zerg Zerg
  • League: Master
  • Spawn Location: 11:00

VOD

Have the link to the VOD?

Description

Time

  • Played on: Aug. 13, 2019, 8:26 a.m.
  • Length: 11:06
Show
View Real Time Build Order
Export as new Build Order

Mez Terran - Winner!

Build Orders: Reaper Expand, Hellion Banshee 

Get SALT Encoding   

  12  0:00  SCV  
  13  0:13  SCV  
  14  0:17  Supply Depot  
  14  0:25  SCV  
  15  0:38  SCV  
  15  0:40  Barracks  
  16  0:44  Refinery  
  16  0:50  SCV  
  17  1:02  SCV  
  18  1:15  SCV  
  19  1:28  Reaper, Orbital Command  
  20  1:40  Command Center  
  20  1:47  Supply Depot  
  20  1:54  SCV  
  21  1:59  Marine  
  22  2:06  SCV  
  23  2:12  Factory  
  23  2:14  Refinery  
  23  2:18  SCV  
  23  2:22  Barracks Reactor  
  24  2:37  SCV  
  24  2:59  Starport  
  24  3:05  Hellion x2, SCV  
  29  3:06  Orbital Command  
  29  3:10  Barracks Tech Lab  
  29  3:16  Supply Depot  
  29  3:17  SCV  
  30  3:26  Hellion x2  
  34  3:29  SCV  
  36  3:34  SCV  
  36  3:41  SCV  
  36  3:43  Barracks Tech Lab  
  36  3:44  Cloaking Field, Banshee  
  40  3:51  Supply Depot  
  40  3:56  SCV x2  
  40  3:59  Hellion  
  40  4:01  Hellion  
  46  4:07  Stimpack  
  46  4:11  SCV  
  46  4:12  SCV  
  48  4:22  Hellion  
  48  4:23  Hellion, SCV  
  48  4:24  SCV  
  54  4:36  SCV  
  54  4:38  Banshee  
  52  4:40  SCV  
  52  4:44  Supply Depot  
  55  4:48  SCV  
  56  4:59  Barracks  
  52  5:00  Engineering Bay, SCV x2  
  52  5:01  Engineering Bay, Barracks  
  52  5:05  Factory Reactor  
  52  5:06  Marine  
  55  5:12  SCV x2  
  52  5:59  Command Center  
  52  6:00  Terran Infantry Weapons Level 1  
  49  6:04  Barracks  
  49  6:05  Barracks  
  49  6:07  SCV x2  
  49  6:09  Supply Depot  
  49  6:10  Marine  
  49  6:11  Marine x4  
  56  6:15  Supply Depot  
  56  6:17  Supply Depot  
  53  6:19  SCV x2  
  55  6:26  Terran Infantry Armor Level 1  
  55  6:28  Marine x2  
  55  6:31  Starport Reactor, SCV x2  
  59  6:35  Refinery x2  
  59  6:38  Marine x2  
  59  6:39  Command Center, Marine  
  62  6:40  Supply Depot  
  62  6:41  Supply Depot  
  62  6:42  Supply Depot  
  62  6:43  SCV x2  
  62  6:46  Marine x2  
  66  6:51  Combat Shield  
  66  6:55  Barracks Reactor, SCV  
  66  6:56  SCV, Marine x2  
  66  6:57  Barracks Reactor  
  70  7:01  Factory Reactor  
  70  7:08  SCV x2  
  72  7:13  Orbital Command  
  72  7:14  Marine x3  
  75  7:17  Medivac x2  
  75  7:19  Marine x2  
  75  7:20  SCV x2  
  83  7:32  SCV x2, Marine  
  83  7:37  Marine x7  
  86  7:40  SCV  
  86  7:42  Missile Turret  
  92  7:44  SCV  
  92  7:49  Supply Depot x2  
  92  7:50  Missile Turret, Supply Depot  
  92  7:52  SCV  
  92  7:53  SCV  
  92  7:54  Missile Turret  
  92  7:56  SCV  
  95  7:59  Missile Turret  
  95  8:00  Missile Turret  
  95  8:04  Widow Mine x2  
  95  8:05  SCV  
  100  8:08  Factory, Marine x7  
  100  8:09  Armory  
  100  8:10  Medivac  
  109  8:14  Planetary Fortress  
  109  8:22  SCV x3  
  109  8:26  Missile Turret  
  112  8:27  Refinery  
  112  8:32  Marine  
  112  8:33  Widow Mine, Marine x3, Supply Depot  
  118  8:34  SCV x2  
  118  8:35  SCV  
  118  8:37  Marine x2  
  123  8:46  SCV x2  
  123  8:47  SCV, Marine  
  123  8:48  Marine x2  
  129  8:49  Widow Mine  
  129  8:50  Marine  
  129  8:51  Marine x2  
  129  8:54  Widow Mine  
  136  8:57  Marine x3  
  139  9:04  Medivac x2  
  139  9:05  Marine x3  
  139  9:08  Marine  
  128  9:23  Marine  
  128  9:24  Marine x7  
  123  9:26  Marine  
  123  9:28  Widow Mine x2  
  123  9:30  Factory Tech Lab  
  135  9:32  SCV x3  
  135  9:34  Factory  
  138  9:41  Marine  
  138  9:42  Marine x7  
  138  9:43  Barracks x3  
  138  9:44  SCV x3  
  149  9:49  Command Center  
  149  9:54  Marine  
  149  9:56  Widow Mine x3  
  149  9:59  Marine x2  
  151  10:13  Marine x7  
  147  10:17  Marine x2  
  151  10:21  Widow Mine  
  151  10:22  Widow Mine, Thor  
  151  10:23  Factory Tech Lab  
  159  10:28  Refinery  
  159  10:31  Marine x5  
  164  10:37  Marauder, Barracks Tech Lab x2  
  164  10:38  Marine x3, Marauder  
Show
View Real Time Build Order
Export as new Build Order

Hanku Zerg 

Build Orders: Hatch First 

Get SALT Encoding   

  12  0:04  Drone  
  13  0:13  Overlord  
  13  0:19  Drone  
  14  0:31  Drone x2  
  16  0:37  Drone  
  17  0:52  Drone  
  17  0:56  Hatchery  
  17  1:10  Spawning Pool  
  17  1:11  Drone  
  17  1:16  Drone  
  18  1:21  Drone  
  19  1:31  Drone  
  20  1:44  Overlord  
  20  1:59  Queen  
  22  2:04  Hatchery  
  22  2:05  Zergling x2, Drone  
  23  2:09  Drone  
  23  2:11  Queen  
  26  2:16  Drone  
  26  2:19  Drone  
  28  2:25  Drone  
  29  2:30  Spine Crawler  
  29  2:33  Zergling x2  
  29  2:37  Drone  
  29  2:40  Queen  
  31  2:44  Spine Crawler  
  30  2:56  Drone  
  32  3:06  Drone x3  
  32  3:07  Overlord  
  32  3:09  Overlord  
  32  3:10  Drone  
  36  3:15  Queen, Extractor  
  36  3:16  Extractor  
  36  3:21  Drone x2  
  36  3:22  Drone x3  
  36  3:26  Queen  
  43  3:34  Drone x3  
  44  3:35  Drone  
  47  3:42  Drone x3  
  50  3:51  Drone x3  
  52  4:01  Queen, Spine Crawler  
  53  4:04  Queen  
  53  4:07  Zergling x4  
  53  4:08  Overlord  
  45  4:39  Drone x5  
  45  4:40  Drone x2  
  45  4:41  Drone x2  
  45  4:42  Drone x3  
  57  4:48  Lair  
  57  4:55  Drone x3  
  57  4:56  Drone x2  
  62  5:03  Drone  
  63  5:10  Drone x2  
  65  5:20  Hatchery  
  56  5:29  Drone x3  
  56  5:33  Drone x3  
  56  5:34  Drone x2  
  60  5:37  Spore Crawler  
  56  5:48  Drone x3, Spore Crawler  
  56  5:49  Drone x3  
  58  5:52  Drone x3  
  58  5:54  Spore Crawler  
  58  5:55  Overseer  
  57  6:04  Drone x4  
  61  6:22  Drone x3, Extractor  
  61  6:23  Overlord x3, Extractor  
  61  6:24  Overseer  
  61  6:34  Evolution Chamber  
  61  6:35  Evolution Chamber  
  61  6:36  Spire, Extractor  
  61  6:38  Drone x4, Extractor  
  61  6:39  Drone  
  61  6:50  Drone x4  
  65  6:56  Drone x5  
  71  7:08  Drone x3  
  71  7:09  Drone  
  71  7:14  Drone x3  
  77  7:17  Zerg Ground Armor Level 1, Zerg Melee Weapons Level 1  
  77  7:18  Metabolic Boost  
  77  7:22  Infestation Pit  
  76  7:25  Drone x4  
  75  7:42  Drone  
  75  7:43  Drone x6  
  75  7:44  Drone x2  
  84  7:47  Drone x3, Baneling Nest  
  84  7:48  Drone x2  
  88  7:52  Zerg Flyer Weapons Level 1  
  88  7:53  Corruptor x2  
  92  8:00  Overlord x3  
  92  8:05  Zergling x6  
  95  8:10  Hatchery  
  94  8:18  Drone x2  
  94  8:19  Overlord  
  96  8:20  Overlord x3  
  96  8:21  Drone x3  
  96  8:22  Zergling x8  
  96  8:23  Zergling x2  
  104  8:27  Hive  
  104  8:33  Baneling  
  104  8:34  Baneling x5  
  104  8:35  Centrifical Hooks  
  104  8:37  Zergling x8  
  104  8:38  Zergling x4  
  110  8:45  Extractor  
  110  8:46  Corruptor  
  110  8:47  Extractor  
  110  9:05  Corruptor x3  
  110  9:06  Corruptor  
  110  9:07  Zergling x4  
  116  9:17  Hatchery  
  115  9:26  Zergling x2  
  115  9:27  Zergling x10  
  115  9:28  Baneling  
  115  9:29  Baneling x6  
  115  9:30  Corruptor x3, Baneling x3  
  127  9:51  Hatchery  
  126  9:54  Extractor  
  114  10:12  Zergling x2  
  114  10:13  Zergling x6  
  108  10:15  Zergling x4  
  108  10:20  Zergling x2  
  108  10:21  Zergling x4  
  113  10:35  Baneling x4  
  113  10:36  Baneling x4  
  113  10:38  Zergling x12  
  113  10:39  Zergling x2  
Tags
 
Add a new tag
Caveats
  • Supply blocks, unpowered buildings, or Contaminate may cause inaccurate times.
  • Supply counts are checked every 10 seconds.